 Dungeon Crawl Stone Soup version 0.29-a0-323-g050149af67 (webtiles) character file.

Game seed: 13367441116408469679

213950 jt the Champion of Chaos (level 18, -4/124 HPs)
             Began as a Gargoyle Delver on Apr 11, 2022.
             Was the Champion of Makhleb.
             Slain by jt's illusion (illusionary) (5 damage)
             ... woven by Mara
             ... on level 4 of the Swamp.
             The game lasted 01:42:22 (36522 turns).

jt the Champion of Chaos (Gargoyle Delver)         Turns: 36522, Time: 01:42:26

Health: -4/124     AC: 39    Str: 31    XL:     18   Next: 97%
Magic:  0/31       EV: 10    Int: 12    God:    Makhleb [******]
Gold:   1033       SH: 14    Dex: 19    Spells: 17/17 levels left

rFire   . . .      SeeInvis +   b - +9 war axe "Kunohiel" {flame, Str+2}
rCold   + . .      Faith    .   Y - +1 kite shield {AC+3}
rNeg    + . .      Spirit   +   F - +4 scale mail
rPois   ∞          Reflect  .   t - +2 helmet {SInv}
rElec   +          Harm     .   K - +2 cloak {Will+}
rCorr   .          Rampage  .   v - +1 pair of gloves
Will    +++..                   Q - +0 pair of boots of the Jocular Hot Ocelot {Dex+5}
Stlth   ++........              T - amulet of guardian spirit
HPRegen 0.30/turn               o - ring of Zosefem {Drain rPois rC+ Str+6 Dex+3}
MPRegen 0.22/turn               q - ring of willpower

@: about to teleport, flying
A: sickness immunity, AC +13, big wings, negative energy resistance 1,
electricity resistance, torment resistance 1, petrification resistance
}: 1/15 runes: serpentine
a: Renounce Religion, Minor Destruction, Lesser Servant of Makhleb, Major
Destruction, Greater Servant of Makhleb


You were on level 4 of the Swamp.
You worshipped Makhleb.
Makhleb was exalted by your worship.
You visited 7 branches of the dungeon, and saw 31 of its levels.
You also visited: Ossuary.

You collected 2873 gold pieces.
You spent 1840 gold pieces at shops.

Inventory:

Hand Weapons
 a - a +0 broad axe of freezing
 b - the +9 war axe "Kunohiel" (weapon) {flame, Str+2}
   (You found it on level 14 of the Dungeon)

   It burns those it strikes, dealing additional fire damage.
   Big, fiery blades are also staple armaments of hydra-hunters.
   Str:       It affects your strength (+2).
 h - a +2 war axe of electrocution
 M - a +2 vorpal trident
Missiles
 I - 9 boomerangs (quivered)
 R - a curare-tipped dart
 Z - 18 silver boomerangs
Armour
 t - a +2 helmet of see invisible (worn)
 v - a +1 pair of gloves (worn)
 F - a +4 scale mail (worn)
 K - a +2 cloak of willpower (worn)
 L - a +2 chain mail of cold resistance
 Q - the +0 pair of boots of the Jocular Hot Ocelot (worn) {Dex+5}
   (You acquired it on level 2 of the Orcish Mines)

   Dex:       It affects your dexterity (+5).
 Y - a +1 kite shield of protection (worn)
Magical Staves
 J - a staff of fire
Jewellery
 n - the ring "Nojyrgh" {rC+ Int+6}
   (You found it on level 3 of the Lair of Beasts)

   [ring of intelligence]

   Int:       It affects your intelligence (+6).
   rC:        It protects you from cold.
 o - the ring of Zosefem (left hand) {Drain rPois rC+ Str+6 Dex+3}
   (You took it off a spriggan druid on level 3 of the Swamp)

   [ring of strength]

   Str:       It affects your strength (+6).
   Dex:       It affects your dexterity (+3).
   rC:        It protects you from cold.
   rPois:     It protects you from poison.
   Drain:     It drains your maximum health when unequipped.
 q - a ring of willpower (right hand)
 B - a +4 ring of protection
 O - a ring of see invisible
 T - an amulet of guardian spirit (around neck)
Wands
 g - a wand of digging (16)
 s - a wand of mindburst (13)
 x - a wand of paralysis (5)
 z - a wand of flame (98)
 D - a wand of charming (8)
 E - a wand of iceblast (17)
 P - a wand of acid (16)
 S - a wand of polymorph (12)
Scrolls
 c - 8 scrolls of fog
 d - 3 scrolls of magic mapping
 j - 4 scrolls of vulnerability
 k - 2 scrolls of holy word
 l - 22 scrolls of identify
 m - 4 scrolls of blinking
 w - 3 scrolls of fear
 A - 3 scrolls of immolation
 U - 3 scrolls of enchant weapon
 V - 3 scrolls of enchant armour
 W - a scroll of brand weapon
Potions
 e - a potion of brilliance
 f - 7 potions of haste
 i - 2 potions of ambrosia
 p - 12 potions of curing
 r - 2 potions of resistance
 u - 4 potions of mutation
 C - 5 potions of heal wounds
 N - a potion of might
 X - 2 potions of magic
Miscellaneous
 y - a lightning rod (4/4)
 H - a phial of floods


   Skills:
 + Level 17.3 Fighting
 + Level 17.8 Axes
 - Level 2.0 Throwing
 - Level 8.0 Armour
 - Level 2.0 Dodging
 - Level 5.4 Stealth
 + Level 12.8 Shields
 + Level 19.2 Invocations


You had 17 spell levels left.
You didn't know any spells.
Your spell library contained the following spells:

 Spells                   Type           Power      Damage    Failure   Level
 Magic Dart               Conj           0%         1d3       77%         1
 Sandblast                Erth           0%         2d4       77%         1
 Sting                    Tmut/Pois      0%         1d3       77%         1
 Passwall                 Tmut/Erth      0%         N/A       88%         2
 Poisonous Vapours        Pois/Air       0%         N/A       88%         2
 Searing Ray              Conj           0%         2d4       88%         2
 Static Discharge         Conj/Air       0%         N/A       88%         2
 Call Canine Familiar     Summ           0%         N/A       98%         3
 Gell's Gravitas          Tloc           0%         N/A       98%         3
 Ignite Poison            Fire/Tmut/Pois 0%         N/A       98%         3
 Mephitic Cloud           Conj/Pois/Air  0%         N/A       98%         3
 Stone Arrow              Conj/Erth      0%         3d7       98%         3
 Swiftness                Air            0%         N/A       98%         3
 Teleport Other           Tloc           0%         N/A       98%         3
 Tukima's Dance           Hex            0%         N/A       98%         3
 Anguish                  Hex/Necr       0%         N/A       100%        4
 Fulminant Prism          Conj/Hex       0%         3d6       100%        4
 Olgreb's Toxic Radiance  Pois           0%         N/A       100%        4
 Passage of Golubria      Tloc           0%         N/A       100%        4
 Summon Ice Beast         Ice/Summ       0%         N/A       100%        4
 Alistair's Intoxication  Tmut/Pois      0%         N/A       100%        5
 Borgnjor's Vile Clutch   Necr/Erth      0%         N/A       100%        5
 Freezing Cloud           Conj/Ice/Air   0%         6-21      100%        5
 Lightning Bolt           Conj/Air       0%         1d11      100%        5
 Summon Mana Viper        Hex/Summ       0%         N/A       100%        5
 Yara's Violent Unravell  Hex/Tmut       0%         3d3       100%        5
 Dispersal                Tloc           0%         N/A       100%        6
 Eringya's Noxious Bog    Tmut/Pois      0%         N/A       100%        6
 Enfeeble                 Hex            0%         N/A       100%        7
 Monstrous Menagerie      Summ           0%         N/A       100%        7
 Disjunction              Tloc           0%         N/A       100%        8
 Ignition                 Fire           0%         3d3       100%        8
 Maxwell's Capacitive Co  Air            0%         ∞         100%        8
 Chain Lightning          Conj/Air       0%         N/A       100%        9


Dungeon Overview and Level Annotations

Branches:
Dungeon (14/15)            Temple (1/1) D:7            Lair (5/6) D:9
  Swamp (4/4) Lair:2        Snake (4/4) Lair:3        Slime (0/5) Lair:5
    Orc (2/2) D:10            Elf (0/3) Orc:2        Vaults (1/5) D:14
Ossuary (visited)

Altars:
Ashenzari
Cheibriados
Elyvilon
Fedhas
Kikubaaqudgha
Makhleb
Qazlal
Sif Muna
Vehumet
Xom
Zin
The Shining One
Beogh

Shops:
D:4 !   Orc:2 (?=(   Snake:1 *:([

Annotations:
Lair:4 exclusion: 3 oklob plants
Lair:5 Snorg
Swamp:4 Louise; Mara
Snake:3 1 runed translucent door, Woseahof's ghost, journeyman SpAM
Orc:2 3 runed translucent doors, Flugslaktarn's ghost, journeyman HuVM; kal9871's ghost, journeyman MiGl; qborf's ghost, adept VSFi; starts1789's ghost, journeyman DgCj


Innate Abilities, Weirdness & Mutations

You are immune to sickness and miasma.
Your stone body is resilient. (AC +13)
You are immune to poison.
Your large and strong wings let you fly.
You resist negative energy. (rN+)
You are resistant to electric shocks. (rElec)
You are resistant to unholy torment.
You are immune to petrification.


Message History

You are engulfed in spectral mist.
The spectral spriggan air mage misses you.
The spectral death drake bites you but does no damage.
Unknown command.
You closely miss Mara.
Mara is severely wounded.
You slash the spectral spriggan air mage!
You burn the spectral spriggan air mage.
You closely miss the spectral death drake.
You slice the spectral spriggan air mage!!
You burn the spectral spriggan air mage!
You barely miss jt's illusion. You closely miss Mara.
You are engulfed in spectral mist.
The spectral spriggan air mage fades away!
The spectral death drake fades away!
The briar patch crumbles away.
You block the spectral spriggan air mage's attack.
Jt's illusion is engulfed in spectral mist.
You block jt's illusion's attack.
Mara is engulfed in spectral mist.
Mara hits you with a +1 demon whip of venom.
You block the spectral death drake's attack.
Unknown command.
You slash Mara!
Mara is severely wounded.
You miss Mara. You hit jt's illusion but do no damage.
You hit the spectral death drake. You burn the spectral death drake.
You barely miss the spectral fenstrider witch.
You slice the spectral spriggan air mage!!
You burn the spectral spriggan air mage.
You are engulfed in spectral mist.
Mara looks more healthy.
Mara gestures at you. The bolt of fire hits you!!!
* * * LOW HITPOINT WARNING * * *
The spectral fenstrider witch hits you but does no damage.
The spectral fenstrider witch barely misses you.
The spectral spriggan air mage closely misses you.
The spectral death drake bites you but does no damage.
Jt's illusion hits you!
* * * LOW HITPOINT WARNING * * *
Jt's illusion burns you.
You die...

♣♣♣♣≈.≈..≈≈≈≈≈≈.
♣♣.♣≈.≈.....≈≈≈≈. ♣♣♣♣♣♣♣
♣♣♣...≈≈.♣♣.≈≈≈≈≈≈. ♣≈≈≈≈≈♣♣♣
♣♣♣♣≈..≈≈≈≈.♣♣....≈≈§.
♣≈≈..[..♣♣♣♣P..≈.≈≈≈≈≈.♣≈†.♣♣≈.≈♣
....≈≈.§♣♣≈PP..☼°≈≈°≈....†.≈♣≈.♣♣
...≈≈≈.≈...P..≈≈○≈○R≈≈≈≈≈≈†<†....
.....≈≈≈≈≈≈PP≈○Z§Z§☼.÷≈≈§≈≈≈≈≈≈≈(
≈≈...≈≈≈≈≈≈≈P§≈t@Z○○.≈§≈≈≈≈≈≈≈≈≈≈
≈≈..≈≈≈≈≈≈≈P≈☼≈@RR°☼.≈≈≈≈≈≈≈.≈≈≈≈
≈≈.<.≈§≈≈≈≈≈≈≈○☼≈≈.≈≈§..≈≈≈..≈≈≈≈
.≈≈≈♣♣.≈≈≈≈P≈≈≈≈≈≈≈≈≈≈≈§≈≈≈≈.≈≈≈≈
≈≈≈≈≈♣.†≈≈†≈≈≈.)≈.≈≈≈≈.≈≈≈≈≈..≈≈≈
.†..≈♣.≈§≈††≈≈§§≈♣♣≈≈≈♣♣.≈♣♣♣≈≈..
†.≈..♣§≈≈≈.)≈.[♣♣♣♣.≈≈♣♣♣♣♣ ♣♣.≈.
.≈≈.≈♣♣≈≈...♣♣♣♣ ♣♣♣♣♣ .♣.≈§≈
≈≈§.≈..♣♣≈..≈♣ ♣≈≈..≈≈≈


You could see 3 Maras, a ghost crab, a spectral death drake (summoned), a
spectral spriggan air mage (summoned), a spectral fenstrider witch (summoned)
and jt's illusion.

Vanquished Creatures
  Vashnia (Snake:4)
  Mlioglotl (Snake:1)
  Kirke (Snake:3)
  A thorn hunter (Swamp:3)
  13 nagarajas
  A fenstrider witch (Swamp:1)
  Aizul (Snake:3)
  An orc warlord (Orc:2)
  2 ghouls (Swamp:1)
  The ghost of Fastreru the Bludgeoner, a journeyman GrMo of Okawaru (Swamp:1)
  4 eleionomae
  7 bunyips
  An ettin (Orc:2)
  A yaktaur captain (Vaults:1)
  Erolcha (D:9)
  2 salamander tyrants
  A great orb of eyes (Vaults:1)
  2 vault guards (D:14)
  7 ghost crabs
  11 naga warriors
  2 boulder beetles
  13 hydras
  2 centaur warriors (D:13)
  Erica (Lair:1)
  7 anacondas
  2 ogre magi (Orc:2)
  13 two-headed ogres
  10 alligators
  5 shock serpents
  Nergalle (Lair:4)
  12 naga sharpshooters
  Amaemon (Lair:2)
  4 salamander mystics
  2 deep trolls (Orc:2)
  7 goliath frogs
  10 spriggan druids
  Pikel (D:7)
  4 bog bodies
  2 orc knights (Orc:2)
  6 swamp dragons
  4 naga ritualists
  2 wizards (D:14)
  2 lindwurms (Vaults:1)
  2 mana vipers
  A deep elf pyromancer (D:13)
  A necromancer (D:14)
  An ugly thing (D:12)
  An oklob plant (Lair:4)
  A manticore (D:13)
  4 orc sorcerers (Orc:2)
  A will-o-the-wisp (Swamp:1)
  7 cyclopes
  12 salamanders
  A black mamba (shapeshifter) (D:13)
  35 black mambas
  4 apocalypse crabs (Swamp:3)
  A vault sentinel (Vaults:1)
  24 naga magi
  7 guardian serpents (Snake:4)
  Maurice (D:13)
  A torpor snail (Lair:3)
  An orange demon (Lair:2)
  11 cane toads
  A gargoyle (D:10)
  4 rime drakes
  5 komodo dragons
  2 kobold demonologists (D:7)
  A freezing wraith (D:13)
  12 tyrant leeches
  11 trolls
  8 hornets
  A polar bear (Lair:5)
  Prince Ribbit (D:9)
  14 blink frogs
  6 dream sheep
  15 slime creatures
  A shadow (D:9)
  9 spriggans
  A vampire (D:11)
  6 wyverns
  3 hogs (Snake:3)
  2 basilisks
  20 yaks
  2 fire elementals (Snake:3)
  20 humans (D:14)
  A steam dragon (D:8)
  6 vampire mosquitoes
  39 nagas
  4 wargs
  13 swamp worms
  2 acid dragons (D:9)
  A swamp drake (Swamp:2)
  13 water moccasins
  A sky beast (D:7)
  4 black bears
  16 orc warriors
  21 ogres (Orc:2)
  47 wolves
  A phantom (D:4)
  11 centaurs
  A lemure (D:7)
  4 kobold brigands
  A gnoll sergeant (D:9)
  6 necrophages
  11 bullfrogs
  A scorpion (Lair:4)
  3 wights (D:7)
  4 killer bees (D:10)
  An electric eel (Lair:4)
  2 howler monkeys (D:11)
  4 centaur zombies (Ossuary)
  3 hounds
  Crazy Yiuf (D:7)
  3 jellies
  A gnoll shaman (D:5)
  22 orc priests
  18 orc wizards
  Terence (D:3)
  2 iguanas
  6 mummies (Ossuary)
  2 adders
  15 gnolls
  3 shadow imps (D:7)
  A white imp (D:6)
  2 dart slugs (D:4)
  53 orcs
  3 endoplasms
  9 giant cockroaches
  5 goblins
  A hobgoblin (D:4)
  17 kobolds
  A quokka (D:1)
  10 ball pythons
  2 bats
  3 frilled lizards
  2 hobgoblin zombies (Ossuary)
  4 rats
  15 briar patches
858 creatures vanquished.

Vanquished Creatures (collateral kills)
  A thorn hunter (Swamp:4)
  A troll (Orc:2)
  A tyrant leech (Swamp:3)
  An acid dragon (D:7)
  3 gnolls (D:7)
  An orc (D:7)
8 creatures vanquished.

Vanquished Creatures (others)
  A spriggan druid (Swamp:3)
  2 bloated husks (Swamp:3)
  A swamp drake (Swamp:1)
  10 briar patches
  6 foxfires (Swamp:1)
  15 fungi
  20 plants
  2 withered plants (Orc:2)
57 creatures vanquished.

Grand Total: 923 creatures vanquished

Notes
Turn   | Place    | Note
-------+----------+-------------------------------------------
     0 | D:5      | jt the Gargoyle Delver began the quest for the Orb.
     0 | D:5      | Reached XP level 1. HP: 14/14 MP: 1/1
    10 | D:4      | Noticed a jelly
   119 | D:3      | You fall into a shaft and drop 2 floors!
   127 | D:5      | Noticed an orc wizard
   127 | D:5      | Noticed an orc priest
   356 | D:2      | Reached XP level 2. HP: 19/19 MP: 2/2
  1073 | D:1      | Reached XP level 3. HP: 23/23 MP: 3/3
  1437 | D:1      | Found a faded altar of an unknown god.
  1444 | D:1      | Prayed at the altar of an unknown god.
  1444 | D:1      | Became a worshipper of Makhleb the Destroyer
  1444 | D:1      | Reached * piety under Makhleb
  2440 | D:2      | Reached skill level 1 in Throwing
  2456 | D:2      | Reached XP level 4. HP: 3/28 MP: 4/4
  3453 | D:3      | Noticed Terence
  3467 | D:3      | Killed Terence
  3805 | D:4      | Reached XP level 5. HP: 27/32 MP: 5/5
  3806 | D:4      | Reached ** piety under Makhleb
  3889 | D:4      | Found Deserax's Distillery.
  3895 | D:4      | Bought a potion of curing for 36 gold pieces
  3943 | D:4      | Noticed a phantom
  4349 | D:4      | Killed a phantom
  4350 | D:4      | Reached skill level 5 in Axes
  4350 | D:4      | Reached XP level 6. HP: 35/37 MP: 6/6
  4878 | D:5      | Noticed a black bear
  5100 | D:5      | Noticed a water moccasin
  5115 | D:5      | Killed a water moccasin
  5116 | D:5      | Reached XP level 7. HP: 29/41 MP: 7/7
  5365 | D:5      | Found a glowing silver altar of Zin.
  5365 | D:5      | Found an ancient bone altar of Kikubaaqudgha.
  5923 | D:5      | Reached XP level 8. HP: 46/46 MP: 8/8
  6369 | D:6      | Reached *** piety under Makhleb
  6411 | D:6      | Found a broken altar of Ashenzari.
  6491 | D:6      | Reached skill level 1 in Invocations
  6669 | D:7      | Reached skill level 2 in Invocations
  6778 | D:7      | Found a transporter.
  6788 | D:7      | Noticed a kobold demonologist
  6790 | D:7      | Noticed a kobold demonologist
  6803 | D:7      | Found a transporter.
  6865 | D:7      | Reached skill level 3 in Invocations
  6888 | D:7      | Reached XP level 9. HP: 46/51 MP: 11/11
  6927 | D:7      | Reached skill level 4 in Invocations
  7140 | D:7      | Found a runed translucent door.
  7141 | D:7      | Noticed Crazy Yiuf
  7151 | D:7      | Killed Crazy Yiuf
  7152 | D:7      | Reached skill level 10 in Axes
  7335 | D:7      | Noticed Pikel
  7360 | D:7      | Killed Pikel
  7361 | D:7      | Reached skill level 5 in Invocations
  7535 | D:7      | Found a staircase to the Ecumenical Temple.
  7544 | Temple   | Entered the Ecumenical Temple
  7655 | D:7      | Reached skill level 6 in Invocations
  8522 | D:8      | Found a sand-covered staircase.
  8569 | Ossuary  | Entered an ossuary
  8681 | Ossuary  | Reached **** piety under Makhleb
  8871 | D:8      | Reached skill level 7 in Invocations
  8907 | D:8      | Reached XP level 10. HP: 56/56 MP: 15/15
  9744 | D:9      | Reached skill level 8 in Invocations
  9834 | D:9      | Found a large runed translucent door.
  9855 | D:9      | Found a large runed translucent door.
  9865 | D:9      | Noticed Prince Ribbit
  9882 | D:9      | Killed Prince Ribbit
  9976 | D:9      | Found a staircase to the Lair.
 10187 | D:9      | Reached skill level 1 in Armour
 10398 | Lair:1   | Entered Level 1 of the Lair of Beasts
 10398 | Lair:1   | Noticed a cane toad
 10405 | Lair:1   | Reached skill level 9 in Invocations
 10415 | Lair:1   | Killed a cane toad
 10722 | Lair:1   | Reached XP level 11. HP: 52/60 MP: 18/18
 10779 | Lair:1   | Reached skill level 10 in Invocations
 10804 | Lair:1   | Reached ***** piety under Makhleb
 10810 | Lair:1   | Identified the +8 quarterstaff "Desidinul" {pain, rElec
                  | rN+++ Str-2 Int-4}
 11020 | Lair:1   | Reached skill level 5 in Fighting
 11124 | Lair:1   | Noticed Erica
 11149 | Lair:1   | Killed Erica
 11749 | Lair:1   | Reached skill level 11 in Invocations
 12154 | Lair:2   | Reached XP level 12. HP: 70/72 MP: 20/20
 12690 | Lair:2   | Noticed Amaemon
 12826 | Lair:2   | Killed Amaemon
 12956 | Lair:2   | Found a staircase to the Swamp.
 13348 | Lair:3   | Noticed a boulder beetle
 13361 | Lair:3   | Killed a boulder beetle
 13362 | Lair:3   | Reached skill level 12 in Invocations
 13586 | Lair:3   | Identified the ring "Nojyrgh" {rC+ Int+6}
 13669 | Lair:3   | Found a staircase to the Snake Pit.
 13801 | Lair:3   | Noticed an eight-headed hydra
 13814 | Lair:3   | Killed a two-headed hydra
 14244 | Lair:4   | Found a runed translucent door.
 14249 | Lair:4   | Noticed an eight-headed hydra
 14316 | Lair:4   | Identified the +2 leather armour of Youthful Indiscretion
                  | {+Blink rN+++ rCorr Int-5}
 14801 | Lair:4   | Reached skill level 13 in Invocations
 14910 | Lair:4   | Reached XP level 13. HP: 74/81 MP: 22/22
 15099 | Lair:4   | Noticed Nergalle
 15113 | Lair:4   | Killed Nergalle
 15682 | Lair:3   | Reached skill level 10 in Fighting
 15961 | Lair:5   | Reached ****** piety under Makhleb
 16498 | Lair:5   | Found a staircase to the Slime Pits.
 16646 | Lair:5   | Noticed Snorg
 16864 | D:9      | Found a shimmering blue altar of Sif Muna.
 16864 | D:9      | Noticed Erolcha
 16885 | D:9      | Killed Erolcha
 16948 | D:9      | Found a shimmering altar of Xom.
 17093 | D:10     | Entered Level 10 of the Dungeon
 17676 | D:10     | Found a staircase to the Orcish Mines.
 17687 | Orc:1    | Entered Level 1 of the Orcish Mines
 17917 | Orc:2    | Entered Level 2 of the Orcish Mines
 17931 | Orc:2    | Reached skill level 14 in Invocations
 18100 | Orc:2    | Found a staircase to the Elven Halls.
 18322 | Orc:2    | Found Gego's Jewellery Boutique.
 18459 | Orc:2    | Noticed an ettin
 18462 | Orc:2    | Reached skill level 15 in Axes
 18485 | Orc:2    | Killed an ettin
 18614 | Orc:2    | Found Fayweupt's Antique Weapon Shop.
 18614 | Orc:2    | Noticed an orc warlord
 18646 | Orc:2    | Gained mutation: Your large and strong wings let you fly.
                  | [Gargoyle growth]
 18646 | Orc:2    | Reached XP level 14. HP: 90/90 MP: 21/24
 18756 | Orc:2    | Killed an orc warlord
 19043 | Orc:2    | Paralysed by an ogre mage for 2 turns
 19052 | Orc:2    | Reached skill level 5 in Armour
 19052 | Orc:2    | Found a runed translucent gate.
 19066 | Orc:2    | Found Raocan's Weapon Shoppe.
 19074 | Orc:2    | Found Nogg's Magic Scroll Boutique.
 19122 | Orc:2    | Bought a scroll of acquirement for 780 gold pieces
 19124 | Orc:2    | Acquired the +0 pair of boots of the Jocular Hot Ocelot
                  | {Dex+5}
 19562 | Orc:2    | Bought a scroll of blinking for 112 gold pieces
 19595 | Orc:2    | Found a runed translucent gate.
 19595 | Orc:2    | Found a runed translucent gate.
 19595 | Orc:2    | Noticed Flugslaktarn's ghost (journeyman HuVM)
 19595 | Orc:2    | Noticed qborf's ghost (adept VSFi)
 19596 | Orc:2    | Noticed starts1789's ghost (journeyman DgCj)
 19596 | Orc:2    | Noticed kal9871's ghost (journeyman MiGl)
 19726 | Orc:2    | Reached skill level 15 in Invocations
 20291 | D:4      | Bought a potion of experience for 600 gold pieces
 20291 | D:4      | Reached XP level 15. HP: 97/97 MP: 26/26
 20302 | D:4      | Bought a potion of mutation for 96 gold pieces
 20302 | D:4      | Bought a potion of mutation for 96 gold pieces
 20302 | D:4      | Bought a potion of resistance for 120 gold pieces
 20655 | Snake:1  | Entered Level 1 of the Snake Pit
 20698 | Snake:1  | Found Ynacic's Book Shoppe.
 20701 | Snake:1  | Found Tinucull's Armour Emporium.
 20701 | Snake:1  | Found Yvack's General Store.
 20704 | Snake:1  | Found Gyjik's Weapon Emporium.
 20795 | Snake:1  | Found a snail-covered altar of Cheibriados.
 21300 | Snake:1  | You are sucked into a shaft and drop 1 floor!
 21300 | Snake:2  | Found a glowing golden altar of the Shining One.
 22060 | Snake:1  | Reached skill level 5 in Shields
 22170 | Snake:1  | Reached XP level 16. HP: 102/104 MP: 25/27
 22293 | Snake:1  | Noticed Mlioglotl
 22297 | Snake:1  | Noticed a tentacled starspawn
 22303 | Snake:1  | Noticed a lich
 22309 | Snake:1  | Killed Mlioglotl
 22917 | Snake:2  | Reached skill level 16 in Invocations
 24651 | Snake:3  | Noticed a nagaraja
 24666 | Snake:3  | Killed a nagaraja
 25347 | Snake:3  | Noticed Kirke
 25370 | Snake:3  | Killed Kirke
 25438 | Snake:3  | Noticed Aizul
 25483 | Snake:3  | Killed Aizul
 25851 | Snake:3  | Found a runed translucent door.
 25852 | Snake:3  | Found a shimmering altar of Xom.
 25852 | Snake:3  | Noticed Woseahof's ghost (journeyman SpAM)
 26038 | Snake:4  | Entered Level 4 of the Snake Pit
 26839 | Snake:4  | Noticed a nagaraja
 26840 | Snake:4  | Noticed a nagaraja
 26978 | Snake:4  | Reached skill level 17 in Invocations
 27156 | Snake:4  | Noticed a nagaraja
 27181 | Snake:4  | Noticed a nagaraja
 27213 | Snake:4  | Killed a nagaraja
 27326 | Snake:4  | Noticed a nagaraja
 27336 | Snake:4  | Noticed a nagaraja
 27458 | Snake:4  | Killed a nagaraja
 27467 | Snake:4  | Killed a nagaraja
 27589 | Snake:4  | Reached skill level 15 in Fighting
 27589 | Snake:4  | Reached XP level 17. HP: 113/113 MP: 29/29
 29000 | Snake:4  | Noticed Vashnia
 29009 | Snake:4  | Killed Vashnia
 29360 | Snake:4  | Reached skill level 10 in Shields
 29381 | Snake:4  | Got a serpentine rune of Zot
 29936 | D:10     | Got the Incunabulum of Supportive Fire
 31881 | D:13     | Reached skill level 18 in Invocations
 31980 | D:13     | Found a white marble altar of Elyvilon.
 32117 | D:13     | Noticed Maurice
 32127 | D:13     | Killed Maurice
 32247 | D:14     | Found a gate to the Vaults.
 32283 | D:14     | Identified the +9 war axe "Kunohiel" {flame, Str+2}
 32299 | Vaults:1 | Entered Level 1 of the Vaults
 32586 | Swamp:1  | Entered Level 1 of the Swamp
 32624 | Swamp:1  | Found a runed translucent door.
 32625 | Swamp:1  | Noticed Fastreru's ghost (journeyman GrMo)
 32678 | Swamp:1  | Killed Fastreru's ghost
 32679 | Swamp:1  | Reached XP level 18. HP: 39/120 MP: 12/31
 33090 | Swamp:1  | You are sucked into a shaft and drop 1 floor!
 35196 | Swamp:3  | Got Ekyag's Compendium of the Birds
 35313 | Swamp:3  | Found a runed translucent door.
 36035 | Swamp:3  | Identified the ring of Zosefem {Drain rPois rC+ Str+6
                  | Dex+3}
 36048 | Swamp:3  | Reached skill level 19 in Invocations
 36065 | Swamp:3  | Paralysed by you for 5 turns
 36200 | Swamp:4  | Entered Level 4 of the Swamp
 36315 | Swamp:4  | Noticed Mara
 36317 | Swamp:4  | Noticed Louise
 36518 | Swamp:4  | Noticed jt's illusion
 36522 | Swamp:4  | HP: 1/124 [jt's illusion (illusionary)[Mara] (9)]
 36522 | Swamp:4  | Slain by jt's illusion (illusionary)

Illustrated notes

Levels and vault maps discovered:
D:1:      minmay_arrival_plants_in_alcoves, layout_basic,
          hellmonk_ecumenical_altar_leap_of_faith
D:2:      layout_rooms
D:3:      minmay_roachtagon, layout_basic, grunt_decor_resistance, uniq_terence
D:4:      layout_loops_ring, serial_shops, nicolae_diamond_shop,
          hangedman_abyss_or_decor_passed, minmay_cupped
D:5:      layout_rooms, gammafunk_temple_overflow_elements,
          serial_co_window_serial, co_window_paths_b, co_window_paths_b,
          co_window_paths_b, co_window_paths_a, co_window_of_opportunity_a,
          co_window_corner_ca, co_window_of_opportunity_c, co_window_2corner,
          co_window_corner_cb, co_window_corner_b, co_window_broadway_a,
          co_window_sun, glass_columns_a, glass_columns_c, glass_columns_b,
          glass_columns_a, glass_columns_b
D:6:      layout_rooms, nicolae_ashenzari_panopticon
D:7:      gammafunk_wand_slinger, layout_basic, minmay_temple_entry_poolview,
          uniq_pikel, uniq_crazy_yiuf_cottage
D:8:      layout_cave_pods, nicolae_ossuary_entry_ruins, lemuel_old_faithful
D:9:      layout_roguey, jmf_multi_god_temple2, dpeg_oklobed_lair,
          minmay_unpleasant_kobolds, uniq_prince_ribbit1, uniq_erolcha
D:10:     layout_gridville, minmay_orc_entry_temple_small, library_closet
D:11:     layout_long_grid
D:12:     layout_cross
D:13:     layout_loops_cross, elyvilon_altar_4, uniq_maurice
D:14:     layout_roguey, grunt_vaults_entry_tiered, nicolae_wu_jian_wuxing_cycle
Temple:   minmay_crystal_spiral_temple
Lair:1:   layout_cave_pods, hangedman_lair_generics_rect, uniq_erica
Lair:2:   layout_cave_pods, swamp_mist, grunt_megastairs_4,
          serial_bayou_shore_b, serial_bayou_shore_b, uniq_amaemon
Lair:3:   layout_cellular_growth, dummy_snake_entry,
          grunt_forest_large_clearings, lemuel_fruit_tree
Lair:4:   minmay_lair_oklob_chamber, layout_long_grid, pf_torpor_hydra,
          lemuel_fruit_fields, serial_bayou_shore_b, serial_bayou_shore_a,
          uniq_nergalle
Lair:5:   layout_loops_ring, minmay_slime_entry_pillars, grunt_megastairs_2,
          serial_bayou_shore_b, uniq_snorg
Swamp:1:  layout_basic_swamp, gammafunk_ghost_grave, serial_swamp_ruin,
          evilmike_swamp_ruin_wall, evilmike_swamp_ruin_house_4,
          evilmike_swamp_ruin_house_5
Swamp:2:  layout_basic_swamp, wheals_swamp_sinkhole, infiniplex_staircase_pool_2
Swamp:3:  gammafunk_mikee_crab_dinner, layout_falls_marsh,
          nicolae_swamp_little_swirl
Swamp:4:  swamp, layout_basic_swamp, gammafunk_ghost_wrathful_warriors,
          uniq_louise, uniq_mara
Snake:1:  layout_chambers, basic_altar, minmay_shoptagon, uniq_mlioglotl
Snake:2:  layout_concentric_octagons, basic_altar
Snake:3:  layout_onion, ebering_ghost_xom, grunt_ministairs_5, uniq_kirke,
          uniq_azrael, uniq_aizul
Snake:4:  grunt_snake_rune_spirals, layout_onion_interference, uniq_vashnia
Orc:1:    layout_diamond_mine
Orc:2:    st_orc_open, layout_caves, gammafunk_ghost_cemetery
Vaults:1: nicolae_vaults_mini_display_case, grunt_vaults_bifocal,
          grunt_vaults_diagonal, nicolae_vaults_yaktaur_gun_rack,
          v_alt_pattern_4, grunt_vaults_funnel, grunt_vaults_hallway_long,
          v_misc_5, nicolae_vaults_alarming, nicolae_vaults_gold_heap,
          layout_vaults_omnigrid

Skill      XL: |  1  2  3  4  5  6  7  8  9 10 11 12 13 14 15 16 17 18 |
---------------+-------------------------------------------------------+-----
Axes           | 2 3 4 5 6 7 9 11 12 13 14 15 16 17 | 17.8
Throwing       | 1 2 |  2.0
Invocations    | 3 7 9 11 13 14 15 17 18 19 | 19.2
Armour         | 2 3 6 7 8 |  8.0
Dodging        | 2 |  2.0
Fighting       | 7 9 11 12 13 15 16 17 | 17.3
Shields        | 2 5 8 11 12 | 12.8
Stealth        | |  5.4

Action                   |  1- 3 |  4- 6 |  7- 9 | 10-12 | 13-15 | 16-18 || total
-------------------------+-------+-------+-------+-------+-------+-------++-------
Melee: Hand axe          |   105 |   160 |   321 |    68 |    33 |       ||   687
       Punch             |       |       |     4 |     4 |     9 |       ||    17
       War axe           |       |       |       |   616 |   706 |  1004 ||  2326
       Broad axe         |       |       |       |       |       |   661 ||   661
Throw: Dart              |    11 |     5 |    42 |    68 |    24 |     1 ||   151
       Boomerang         |     3 |    28 |    30 |     8 |    43 |    50 ||   162
       Stone             |     2 |       |     9 |       |       |       ||    11
Invok: Minor Destruction |       |       |    14 |     2 |     5 |    42 ||    63
       Lesser Servant of |       |       |     1 |       |     5 |     7 ||    13
       Major Destruction |       |       |       |       |     5 |    18 ||    23
       Greater Servant o |       |       |       |       |       |     1 ||     1
Evoke: Wand              |       |       |       |       |     5 |    11 ||    16
       Phial of floods   |       |       |       |       |     1 |     2 ||     3
       Lightning rod     |       |       |       |       |       |     4 ||     4
  Use: Potion            |     1 |       |     3 |     1 |     3 |     9 ||    17
       Scroll            |       |     9 |     7 |     9 |     2 |    11 ||    38
 Stab: Sleeping          |     3 |       |       |     4 |     2 |     7 ||    16
       Distracted        |     1 |       |       |     1 |       |     5 ||     7
       Invisible         |       |       |       |       |     1 |       ||     1
       Paralysed         |       |       |       |       |       |     3 ||     3
Armor: Ring mail         |    39 |       |       |       |       |       ||    39
       Chain mail        |    24 |   114 |    31 |       |       |       ||   169
       Scale mail        |       |       |   164 |   545 |   483 |   994 ||  2186
Dodge: Dodged            |    50 |    55 |   129 |   422 |   320 |   426 ||  1402
Block: Kite shield       |       |       |       |       |   148 |   892 ||  1040

Table legend: (Time is in decaauts)
 A = Elapsed time spent in this place.
 B = Non-inter-level travel time spent in this place.
 C = Inter-level travel time spent in this place.
 D = Time resting spent in this place.
 E = Time spent auto-exploring this place.
 F = Levels seen in this place.
 G = Mean time per level.
                   A        B        C        D        E       F      G
               +--------+--------+--------+--------+--------+-----+--------+
         Total |  36081 |  34012 |   2069 |   7995 |  14673 |  32 | 1127.5 |
       Dungeon |  14385 |  13238 |   1147 |   2384 |   6999 |  14 | 1027.5 |
        Temple |     27 |     27 |      0 |      0 |      7 |   1 |   27.0 |
          Lair |   6356 |   5905 |    451 |    729 |   3374 |   5 | 1271.2 |
         Swamp |   3824 |   3726 |     98 |   1413 |   1079 |   4 |  956.0 |
     Snake Pit |   8770 |   8485 |    285 |   2782 |   2433 |   4 | 2192.5 |
  Orcish Mines |   2369 |   2285 |     84 |    546 |    777 |   2 | 1184.5 |
        Vaults |     67 |     64 |      3 |      0 |      4 |   1 |   67.0 |
       Ossuary |    281 |    281 |      0 |    140 |      0 |   1 |  281.0 |
               +--------+--------+--------+--------+--------+-----+--------+

Top non-repeatable levels by time:
 Snake:4: 3371 daAuts
 Snake:1: 2276 daAuts
   Orc:2: 1957 daAuts
 Swamp:3: 1895 daAuts
     D:1: 1654 daAuts
 Snake:2: 1639 daAuts
     D:5: 1615 daAuts
  Lair:4: 1613 daAuts
  Lair:1: 1579 daAuts
 Snake:3: 1483 daAuts
     D:3: 1472 daAuts
     D:7: 1431 daAuts
    D:10: 1313 daAuts
  Lair:2: 1233 daAuts
     D:9: 1232 daAuts
